 Dungeon Crawl Stone Soup version 0.23.2-1-ga50397a (webtiles) character file.

Game seed: 14902045696327391167

130 Mrkaede the Magician (level 4, -3/30 HPs)
             Began as a Mummy Necromancer on May 8, 2019.
             Slain by a gnoll
             ... wielding a cursed -2 spear
              (4 damage)
             ... on level 3 of the Dungeon.
             The game lasted 00:14:20 (2955 turns).

Mrkaede the Magician (Mummy Necromancer)            Turns: 2955, Time: 00:14:21

Health: -3/30      AC:  2    Str: 11    XL:     4   Next: 89%
Magic:  2/11       EV: 12    Int: 15    God:
Gold:   215        SH:  0    Dex: 12    Spells: 9/13 levels left

rFire    . . .     SeeInvis .   c - +0 dagger
rCold    + . .     Gourm    .   (no shield)
rNeg     + + +     Faith    .   a - +0 robe
rPois    ∞         Spirit   .   (no helmet)
rElec    .         Reflect  .   (no cloak)
rCorr    .         Harm     .   (no gloves)
MR       .....                  (no boots)
Stlth    ++........             (no amulet)
HPRegen  0.10/turn              f - ring of protection from fire
MPRegen  0.12/turn              (no ring)

@: very slightly contaminated
A: no food or potions, fire vulnerability, cold resistance 1, negative energy
resistance 3, torment resistance, unbreathing
a: no special abilities


You were on level 3 of the Dungeon.
You were not hungry.

You visited 1 branch of the dungeon, and saw 3 of its levels.

You collected 215 gold pieces.

Inventory:

Hand Weapons
 c - a +0 dagger (weapon)
Armour
 a - a +0 robe (worn)
Jewellery
 f - a ring of protection from fire (left hand)
Scrolls
 b - 3 scrolls of identify
 d - 3 scrolls of amnesia
 h - 3 scrolls of remove curse


   Skills:
 + Level 0.3 Short Blades
 + Level 1.8 Dodging
 + Level 1.6 Stealth
 + Level 5.0 Spellcasting
 + Level 4.8 Necromancy


You had 9 spell levels left.
You knew the following spells:

 Your Spells              Type           Power        Failure   Level  Hunger
a - Pain                  Necr           ###.         2%          1    N/A
b - Vampiric Draining     Necr           ###.......   7%          3    N/A

Your spell library contained the following spells:

 Spells                   Type           Power        Failure   Level  Hunger
 Animate Skeleton         Necr           N/A          2%          1    N/A
 Animate Dead             Necr           N/A          22%         4    N/A
 Regeneration             Chrm/Necr      Unusable     N/A         3    N/A

Dungeon Overview and Level Annotations

Branches:
Dungeon (3/15)

Altars:
Qazlal


Innate Abilities, Weirdness & Mutations

You do not eat or drink.
Your flesh is vulnerable to fire.
You are immune to poison.
Your flesh is cold resistant. (rC+)
You are immune to negative energy. (rN+++)
You are immune to unholy pain and torment.
You can survive without breathing.


Message History

Press: ? - help, Shift-Dir - straight line, f - gnoll
Aim: a gnoll, wielding a +0 spear (chance to defeat MR: 84%)
You miscast Pain.
You are very lightly contaminated with residual magic.
Nothing appears to happen.
Casting: Pain (safe; 2% risk of failure)
Confirm with . or Enter, or press ? or * to list all spells.
Aiming: Pain (safe; 2% risk of failure)
Press: ? - help, Shift-Dir - straight line, f/p - gnoll
Aim: a gnoll, wielding a +0 spear (chance to defeat MR: 84%)
The gnoll writhes in agony.
The gnoll hits you from afar with a +0 spear!
* * * LOW HITPOINT WARNING * * *
Blink to where?
Press: ? - help, Dir - move target cursor, p - gnoll
As you read the scroll of blinking, it crumbles to dust.
The gnoll hits you with a cursed -2 spear!
* * * LOW HITPOINT WARNING * * *
The gnoll hits you from afar with a cursed -2 spear.
You die...

#.#..#..)#
###.#...#.#
#....#....#
###...(..#
##.....#..#
####.#.#.....#
#%###.#..#...#
##..##g.#....#
###..g.@....#
###.#...#.#
##..##### #.##
..# ..## ..
.≈.


You could see 2 gnolls.

Vanquished Creatures
  Natasha (twice) (D:2)
  2 adders
  An ooze (D:3)
  3 worms (D:2)
  A dart slug (D:3)
  3 leopard geckos
  An orc (D:3)
  2 ball pythons
  3 giant cockroaches (D:1)
  2 goblins
  5 hobgoblins
  3 jackals (D:3)
  6 bats
  2 frilled lizards
  4 kobolds
  5 rats
45 creatures vanquished.

Notes
Turn   | Place    | Note
-------+----------+-------------------------------------------
     0 | D:1      | Mrkaede the Mummy Necromancer began the quest for the Orb.
     0 | D:1      | Reached XP level 1. HP: 13/13 MP: 4/4
   217 | D:1      | Reached skill level 3 in Spellcasting
   267 | D:1      | Reached XP level 2. HP: 19/19 MP: 0/6
  1720 | D:2      | Reached XP level 3. HP: 17/24 MP: 1/8
  1812 | D:2      | Learned a level 3 spell: Vampiric Draining
  1852 | D:2      | Found a stormy altar of Qazlal.
  1947 | D:2      | Noticed Natasha
  1954 | D:2      | Killed Natasha
  1954 | D:2      | Reached skill level 4 in Spellcasting
  2168 | D:2      | Noticed Natasha
  2176 | D:2      | Killed Natasha
  2176 | D:2      | Reached XP level 4. HP: 8/30 MP: 0/10
  2926 | D:3      | Reached skill level 5 in Spellcasting
  2954 | D:3      | HP: 1/30 [gnoll/cursed -2 spear (7)]
  2955 | D:3      | Slain by a gnoll

Skill      XL: |  1  2  3  4 |
---------------+-------------+-----
Spellcasting   | 3 4 5 |  5.0
Short Blades   | |  0.3
Dodging        | |  1.8
Stealth        | |  1.6
Necromancy     | |  4.8

Action                   |  1- 3 |  4- 6 || total
-------------------------+-------+-------++-------
Melee: Unarmed           |     2 |       ||     2
       Dagger            |       |    11 ||    11
 Cast: Pain              |   102 |    46 ||   148
       Vampiric Draining |     1 |       ||     1
  Use: Scroll            |     2 |     5 ||     7
 Stab: Sleeping          |       |     1 ||     1
Armor: Robe              |    18 |     2 ||    20
Dodge: Dodged            |    51 |    10 ||    61
